 Dungeon Crawl Stone Soup version 0.25.1-2-g60ff931df9 (webtiles) character file.

Game seed: 14201549642078350480

27 BledDest the Magician (level 2, 0/22 HPs)
             Began as a Demonspawn Wanderer on Aug 5, 2020.
             Slain by a rat (2 damage)
             ... on level 1 of the Dungeon on Nov 17, 2020.
             The game lasted 00:02:04 (924 turns).

BledDest the Magician (Demonspawn Wanderer)          Turns: 924, Time: 00:02:04

Health: 0/22       AC:  2    Str: 12    XL:     2   Next: 93%
Magic:  6/6        EV: 11    Int: 12    God:
Gold:   0          SH:  0    Dex: 13    Spells: 6/7 levels left

rFire    . . .     SeeInvis .   d - +0 mace
rCold    . . .     Gourm    .   (no shield)
rNeg     . . .     Faith    .   e - +0 robe
rPois    +         Spirit   .   (no helmet)
rElec    .         Reflect  .   (no cloak)
rCorr    .         Harm     .   (no gloves)
MR       .....                  (no boots)
Stlth    ++........             (no amulet)
HPRegen  0.07/turn              g - ring of poison resistance
MPRegen  0.10/turn              (no ring)

@: no status effects
A: claws 1
a: no special abilities


You were on level 1 of the Dungeon.
You were not hungry.

You visited 1 branch of the dungeon, and saw 1 of its levels.

Inventory:

Hand Weapons
 a - a +0 hand crossbow
 d - a +0 mace (weapon)
Missiles
 b - 10 poisoned darts (quivered)
 c - 44 bolts
 l - 4 stones
Armour
 e - a +0 robe (worn)
Jewellery
 g - a ring of poison resistance (left claw)
Scrolls
 h - 3 scrolls of remove curse {unknown}
 i - a scroll of blinking {unknown}
 j - a scroll of teleportation {unknown}
 m - 2 scrolls of identify {unknown}
 o - a scroll of amnesia {unknown}
Potions
 n - a potion of berserk rage {unknown}
Comestibles
 f - 2 rations


   Skills:
 - Level 2.0 Fighting
 + Level 2.7 Maces & Flails
 - Level 1.0 Stealth
   Level 1.0 Shields
 - Level 3.0 Spellcasting
   Level 2.0 Poison Magic


You had 6 spell levels left.
You knew the following spells:

 Your Spells              Type           Power        Failure   Level  Hunger
a - Magic Dart            Conj           #...         24%         1    #......

Your spell library contained the following spells:

 Spells                   Type           Power        Failure   Level  Hunger
 Blink                    Tloc           N/A          36%         2    ###....
 Call Imp                 Summ           #.......     36%         2    ###....
 Slow                     Hex            #.......     36%         2    ###....
 Mephitic Cloud           Conj/Pois/Air  #.......     50%         3    ###....
 Conjure Flame            Conj/Fire      #.......     58%         3    ###....


Dungeon Overview and Level Annotations

Branches:
Dungeon (1/15)

Altars:


Innate Abilities, Weirdness & Mutations

You have sharp fingernails.


Message History

You hit the gnoll but do no damage.
The gnoll is heavily wounded.
The rat barely misses you. The gnoll barely misses you.
You hit the gnoll but do no damage.
The gnoll is heavily wounded.
The rat bites you but does no damage. The gnoll hits you with a +0 club.
* * * LOW HITPOINT WARNING * * *
You sock the gnoll!
You kill the gnoll!
The rat barely misses you. x2
The rat completely misses you.
Things that are here:
a +0 club; a gnoll corpse The rat barely misses you.
The rat bites you but does no damage.
All of the chunks of flesh in your inventory have rotted away.
Things that are here:
a +0 club; a gnoll corpse The rat bites you.
You die...

#.# #.# #.# #.# ###.#
.####...##
.........####
#..@....#######
#.r)###.##....#
###...###.##....###
#.......#.##......#
..........#>##......#
....................#
............#.....###
.............#....#
...#####.##..#....##


You could see a rat.

Vanquished Creatures
  A gnoll (D:1)
  A dart slug (D:1)
  A leopard gecko (D:1)
  5 bats (D:1)
  A ball python (D:1)
  2 frilled lizards (D:1)
  4 kobolds (D:1)
  2 rats (D:1)
17 creatures vanquished.

Notes
Turn   | Place    | Note
-------+----------+-------------------------------------------
     0 | D:1      | BledDest the Demonspawn Wanderer began the quest for the
                  | Orb.
     0 | D:1      | BledDest set off with the following items: a +0 hand
                  | crossbow, 20 bolts, a +0 mace, a +0 robe, a ration; and the
                  | following spell memorised: Magic Dart; and the following
                  | spells available to memorise: Blink, Call Imp, Slow,
                  | Mephitic Cloud, Conjure Flame
     0 | D:1      | Reached XP level 1. HP: 16/16 MP: 4/4
   355 | D:1      | Gained mutation: You have sharp fingernails. [demonic
                  | ancestry]
   355 | D:1      | Reached XP level 2. HP: 16/22 MP: 6/6
   924 | D:1      | Slain by a rat

Illustrated notes

Levels and vault maps discovered:
D:1:      lemuel_arrival_river_ford, layout_rooms, lemuel_flame_loot_1

Skill      XL: |  1  2 |
---------------+-------+-----
Maces & Flails | 2 |  2.7
Fighting       | |  2.0
Stealth        | |  1.0
Shields        | |  1.0
Spellcasting   | |  3.0
Poison Magic   | |  2.0

Action                   || total
-------------------------++-------
Melee: Mace              ||    65
Armor: Robe              ||    21
Dodge: Dodged            ||    69
